 Dungeon Crawl Stone Soup version 0.30-a0-170-g85af917532 (webtiles) character file.

Game seed: 18184072926562697536

13 sanka the Slasher (level 2, 26/26 HPs)
             Began as a Gnoll Reaver on Sept 30, 2022.
             Was a Follower of Trog.
             Quit the game on level 1 of the Dungeon.
             The game lasted 00:01:03 (608 turns).

sanka the Slasher (Gnoll Reaver)                     Turns: 608, Time: 00:01:04

Health: 26/26      AC:  4    Str: 11    XL:     2   Next: 37%
Magic:  7/7        EV: 12    Int: 12    God:    Trog [*.....]
Gold:   55         SH:  0    Dex: 10    Spells: 9/10 levels left

rFire   . . .      SeeInvis .    i - +1 whip (elec)
rCold   . . .      Faith    .    (no shield)
rNeg    . . .      Spirit   .    b - +0 leather armour
rPois   .          Reflect  .    h - +1 hat
rElec   .          Harm     .    (no cloak)
rCorr   .          Rampage  .    (no gloves)
Will    .....                    (no boots)
Stlth   +.........               (no amulet)
HPRegen 0.08/turn                (no ring)
MPRegen 0.10/turn                (no ring)

@: no status effects
A: fangs 1, strong nose, distributed training
a: Renounce Religion, Berserk


You were on level 1 of the Dungeon.
You worshipped Trog.
Trog was aware of your devotion.
You visited 1 branch of the dungeon, and saw 1 of its levels.

You collected 55 gold pieces.


Innate Abilities, Weirdness & Mutations

You have very sharp teeth.
Your uncanny sense of smell can sniff out nearby items.
Your experience applies equally to all skills.


   Skills:
 + Level 4.5 Fighting
 + Level 0.4 Short Blades
 + Level 6.5 Long Blades
 + Level 0.4 Axes
 + Level 0.4 Maces & Flails
 + Level 0.4 Polearms
 + Level 0.4 Staves
 + Level 0.4 Ranged Weapons
 + Level 0.4 Throwing
 + Level 0.4 Armour
 + Level 4.5 Dodging
 + Level 0.4 Stealth
 + Level 0.4 Shields
 + Level 0.4 Unarmed Combat
 + Level 4.9 Spellcasting
 + Level 5.3 Conjurations
 + Level 0.2 Hexes
 + Level 0.2 Summonings
 + Level 0.2 Necromancy
 + Level 0.2 Translocations
 + Level 0.2 Transmutations
 + Level 0.2 Fire Magic
 + Level 0.2 Ice Magic
 + Level 0.2 Air Magic
 + Level 0.2 Earth Magic
 + Level 0.2 Poison Magic
 + Level 0.5 Invocations
 + Level 0.4 Evocations


You had 9 spell levels left.
You knew the following spells:

 Your Spells              Type           Power      Damage    Failure   Level
y - Kiss of Death         Conj/Necr      36%        2d8       9%          1

Your spell library contained the following spells:

 Spells                   Type           Power      Damage    Failure   Level
 Momentum Strike          Conj/Tloc      18%        3d8       13%         2
 Dazzling Flash           Conj/Hex       18%        N/A       26%         3
 Hailstorm                Conj/Ice       9%         3d4       26%         3
 Poisonous Vapours        Pois/Air       6%         N/A       34%         2
 Portal Projectile        Hex/Tloc       6%         N/A       56%         3
 Olgreb's Toxic Radiance  Pois           3%         N/A       93%         4

Inventory:

Hand Weapons
 a - a +0 falchion
 i - a +1 whip of electrocution (weapon)
Armour
 b - a +0 leather armour (worn)
 h - a +1 hat (worn)
Scrolls
 d - a scroll of silence {unknown}
 e - 2 scrolls of enchant armour {unknown}
 g - 2 scrolls of enchant weapon {unknown}
Potions
 c - a potion of ambrosia {unknown}
 f - 3 potions of curing {unknown}

Dungeon Overview and Level Annotations

Branches:
Dungeon (1/15)

Altars:
Trog

▒........▒▒▒▒▒▒▒
▒...............
▒...............
▒▒▒............... ▒▒▒▒▒
▒..........▒▒▒▒▒▒.
▒...▒▒▒........▒▒▒▒▒▒...
▒.▒...................▒▒
▒......▒▒▒▒▒....▒▒▒▒▒..▒
▒......g▒ ▒....▒ ▒▒.▒
▒.......▒▒▒▒▒▒▒▒▒▒▒▒▒▒.▒
▒........(....▒▒...▒...▒
▒.......▒▒▒▒▒.▒▒...▒....
▒.......▒▒▒▒▒'▒▒...'....
▒▒......^▒▒.........▒▒..▒
▒...................▒▒..▒
▒.......)..........>▒...▒
▒......................▒▒


There were no monsters in sight!


Message History

You closely miss the ball python.
The ball python bites you but does no damage.
The ball python constricts you.
You hit the ball python.
You kill the ball python!
Trog accepts your kill.
No target in view!
No target in view!
You see here a ball python corpse.
f - 3 glowing blue potions (gained 1)
You open the large door.
There is a large open door here.
There is a large open door here.
There is a large open door here.
There is a large open door here.
Done exploring.
Done exploring.
Done exploring.
Done exploring.
Search for what [? for help]? .
There is an open door here.
There is an open door here.
Things that are here:
a +1 whip of electrocution; 2 stones
i - a +1 whip of electrocution You hear the crackle of electricity.
i - a +1 whip of electrocution (weapon)
Done exploring.
There is a stone staircase leading down here.
Are you sure you want to abandon this character and quit the game? (Confirm with "yes".)

Action                   || total
-------------------------++-------
Melee: Falchion          ||    42
       Bite              ||     4
Armor: Leather armour    ||    14
Dodge: Dodged            ||    27

Levels and vault maps discovered:
D:1:      nagdon_arrival_double_spiral, layout_basic,
          ebering_ecumenical_altar_box, minmay_misc_feat_tiny

Notes
Turn   | Place    | Note
-------+----------+-------------------------------------------
     0 | D:1      | sanka the Gnoll Reaver began the quest for the Orb.
     0 | D:1      | Reached XP level 1. HP: 20/20 MP: 6/6
   229 | D:1      | Got the Cyclopedia of Vitriolic Charms
   287 | D:1      | Found a faded altar of an unknown god.
   302 | D:1      | Prayed at the altar of an unknown god.
   302 | D:1      | Became a worshipper of Trog the Wrathful
   302 | D:1      | Reached * piety under Trog
   309 | D:1      | Reached XP level 2. HP: 24/26 MP: 7/7
   608 | D:1      | Quit the game

Vanquished Creatures
  2 giant cockroaches (D:1)
  2 goblins (D:1)
  A hobgoblin (D:1)
  A quokka (D:1)
  2 ball pythons (D:1)
  A bat (D:1)
  A frilled lizard (D:1)
  2 kobolds (D:1)
12 creatures vanquished.
